 Dungeon Crawl Stone Soup version 0.20.0-9-g8272e65 (webtiles) character file.

95 Kriby the Chopper (level 4, -2/41 HPs)
             Began as a Hill Orc Fighter on June 3, 2017.
             Slain by a gnoll
             ... wielding a +0 spear
              (9 damage)
             ... on level 3 of the Dungeon.
             The game lasted 00:01:03 (1822 turns).

Kriby the Chopper (Hill Orc Fighter)                Turns: 1822, Time: 00:01:03

Health: -2/41      AC:  6    Str: 24    XL:     4   Next: 65%
Magic:  4/4        EV:  7    Int:  8    God:
Gold:   27         SH:  9    Dex: 10    Spells: 3/3 levels left

rFire    . . .     SeeInvis .   a - +0 war axe
rCold    . . .     Gourm    .   c - +0 shield
rNeg     . . .     Faith    .   b - +0 scale mail
rPois    .         Spirit   .   (no helmet)
rElec    .         Reflect  .   (no cloak)
rCorr    .         Harm     .   (no gloves)
MR       .....                  (no boots)
Stlth    ..........             (no amulet)
Regen    0.2/turn               (no ring)
MPRegen  0.1/turn               (no ring)

@: mighty
A: no striking features
a: no special abilities


You were on level 3 of the Dungeon.
You were not hungry.

You visited 1 branch of the dungeon, and saw 3 of its levels.

You collected 27 gold pieces.

Inventory:

Hand Weapons
 a - a +0 war axe (weapon)
Armour
 b - a +0 scale mail (worn)
 c - a +0 shield (worn)
Scrolls
 g - a scroll of noise {unknown}
 h - a scroll of enchant armour {unknown}
 k - a scroll of blinking {unknown}
 n - a scroll of fog {unknown}
Potions
 d - a potion of might
 e - 4 potions of curing {unknown}
 i - a potion of heal wounds {unknown}
 o - a potion of agility {unknown}
Comestibles
 f - 2 bread rations
 j - 2 royal jellies
 l - a meat ration
 m - 2 chunks of flesh


   Skills:
 + Level 4.6 Fighting
 * Level 5.3 Axes
 - Level 3.3 Armour
 - Level 3.2 Shields


You had 3 spell levels left.
You didn't know any spells.

Dungeon Overview and Level Annotations

Branches:
Dungeon (3/15)

Altars:
Dithmenos
Gozag
Yredelemnul


Message History

You barely miss the gnoll.
The gnoll is severely wounded.
The gnoll closely misses you. You block the gnoll's attack.
You barely miss the gnoll.
The gnoll is severely wounded.
The gnoll hits you with a flail!
* * * LOW HITPOINT WARNING * * *
You block the gnoll's attack.
You slash the gnoll!
You kill the gnoll!
Your life force feels restored.
The gnoll completely misses you. The gnoll hits you but does no damage.
You block the gnoll's attack.
You see here a flail.
Your shield prevents you from hitting the gnoll.
The gnoll hits you with a spear.
* * * LOW HITPOINT WARNING * * *
Your shield and scale mail prevent you from hitting the gnoll.
The gnoll hits you with a spear!
You die...

#####..........#
.........#######
..###......# #
#>.####.#
#####.#####.#
#...........#
....####.######
########.#
##Kgsg@...#
##lg########
#)†## #)##


.gl ..#.. .%. ... %. .... . ..... You could see 3 gnolls, a leopard gecko, a
giant cockroach and a kobold.

Vanquished Creatures
  4 gnolls
  2 oozes
  A worm (D:2)
  2 leopard geckos
  3 giant cockroaches
  3 goblins
  7 hobgoblins
  8 kobolds
  5 bats (D:1)
  5 frilled lizards
  4 rats
44 creatures vanquished.

Vanquished Creatures (others)
  A goblin (D:3)
  A kobold (D:3)
2 creatures vanquished.

Grand Total: 46 creatures vanquished

Notes
Turn   | Place    | Note
-------+----------+-------------------------------------------
     0 | D:1      | Kriby the Hill Orc Fighter began the quest for the Orb.
     0 | D:1      | Reached XP level 1. HP: 19/19 MP: 1/1
   204 | D:1      | Reached skill level 3 in Axes
   312 | D:1      | Reached XP level 2. HP: 24/27 MP: 2/2
   321 | D:1      | Reached skill level 4 in Axes
   321 | D:1      | Reached XP level 3. HP: 3/33 MP: 3/3
  1298 | D:2      | Found a faded altar of an unknown god.
  1478 | D:2      | Found a shadowy altar of Dithmenos.
  1478 | D:2      | Found an opulent altar of Gozag.
  1479 | D:2      | Found a basalt altar of Yredelemnul.
  1538 | D:2      | Reached XP level 4. HP: 38/41 MP: 4/4
  1802 | D:3      | Reached skill level 5 in Axes
  1822 | D:3      | Slain by a gnoll

Skill      XL: |  1  2  3  4 |
---------------+-------------+-----
Axes           | 3 4 5 |  5.3
Fighting       | 4 |  4.6
Armour         | |  3.3
Shields        | |  3.2

Action                   |  1- 3 |  4- 6 || total
-------------------------+-------+-------++-------
Melee: War axe           |    94 |    30 ||   124
  Use: Potion            |       |     1 ||     1
  Eat: Chunk             |     2 |     1 ||     3
Armor: Scale mail        |    46 |     9 ||    55
Dodge: Dodged            |    31 |     9 ||    40
Block: Shield            |    48 |    23 ||    71
